 Dungeon Crawl Stone Soup version 0.20.1-1-g8b1a95d (webtiles) character file.

426 dohliylev the Covert (level 6, 0/41 HPs)
             Began as a Vampire Enchanter on Dec 29, 2017.
             Slain by MJtheKandyman's ghost (5 damage)
             ... on level 5 of the Dungeon.
             The game lasted 00:15:32 (4191 turns).

dohliylev the Covert (Vampire Enchanter)            Turns: 4191, Time: 00:15:32

Health: 0/41       AC:  2    Str:  7    XL:     6   Next: 64%
Magic:  7/9        EV: 15    Int: 19    God:
Gold:   142        SH:  0    Dex: 15    Spells: 1/9 levels left

rFire    . . .     SeeInvis +   s - +1 dagger (elec)
rCold    . . .     Gourm    .   (no shield)
rNeg     + . .     Faith    .   b - +0 robe
rPois    .         Spirit   .   (no helmet)
rElec    .         Reflect  .   (no cloak)
rCorr    .         Harm     .   (no gloves)
MR       .....                  (no boots)
Stlth    ++++......             (no amulet)
Regen    0.2/turn               (no ring)
MPRegen  0.2/turn               (no ring)

@: no status effects
A: fangs 3, see invisible, unbreathing
a: Bat Form


You were on level 5 of the Dungeon.
You were not thirsty.

You visited 1 branch of the dungeon, and saw 5 of its levels.

You collected 142 gold pieces.

Inventory:

Hand Weapons
 e - a +1 vampiric dagger
 l - a +2 dagger of freezing
 s - a +1 dagger of electrocution (weapon)
 z - a +3 short sword
Armour
 b - a +0 robe (worn)
 c - a cursed +0 helmet
Wands
 t - a wand of lightning (5/15)
 v - a wand of disintegration (8/24)
Scrolls
 a - 3 scrolls of identify {unknown}
 f - 2 scrolls of fear {unknown}
 g - a scroll of magic mapping {unknown}
 h - a scroll of blinking {unknown}
 j - a scroll of teleportation {unknown}
 k - a scroll of remove curse
 o - a scroll of amnesia {unknown}
 p - a scroll of immolation {unknown}
 q - 2 scrolls of random uselessness {unknown}
 y - a scroll of recharging {unknown}
Potions
 d - 15 potions of blood
 m - 2 potions of mutation {unknown}
 n - a potion of lignification {unknown}
 r - 4 potions of curing {unknown}
 u - a potion of heal wounds
 w - a potion of flight {unknown}
 x - a potion of haste {unknown}
 A - a potion of agility {unknown}


   Skills:
 - Level 1.1 Short Blades
 - Level 5.0 Dodging
 - Level 8.0 Stealth
 - Level 2.0 Spellcasting
 + Level 6.7 Hexes


You had one spell level left.
You knew the following spells:

 Your Spells              Type           Power        Failure   Level  Hunger
a - Corona                Hex            ####...      1%          1    #......
b - Ensorcelled Hibernat  Hex/Ice        ##....       6%          2    ###....
c - Confuse               Hex            ####....     3%          3    ###....
d - Blink                 Tloc           N/A          26%         2    ###....


Dungeon Overview and Level Annotations

Branches:
Dungeon (5/15)
 Temple: D:4-7

Altars:
Ashenzari
Okawaru

Annotations:
D:5 MJtheKandyman's ghost, novice MiBe


Innate Abilities, Weirdness & Mutations

You have razor-sharp teeth.
You have supernaturally acute eyesight. (SInv)
You can survive without breathing.


Message History

MJtheKandyman's ghost is heavily damaged.
You hit MJtheKandyman's ghost.
MJtheKandyman's ghost is heavily damaged.
You barely miss MJtheKandyman's ghost.
MJtheKandyman's ghost is heavily damaged.
MJtheKandyman's ghost barely misses you.
You hit MJtheKandyman's ghost but do no damage.
MJtheKandyman's ghost is heavily damaged.
MJtheKandyman's ghost hits you!!
You hit MJtheKandyman's ghost.
MJtheKandyman's ghost is heavily damaged.
MJtheKandyman's ghost hits you!!
* * * LOW HITPOINT WARNING * * *
A frilled lizard comes into view.
The frilled lizard moves out of view.
Yummy - fresh blood!
There is a stone staircase leading down here.
You can't go up here!
MJtheKandyman's ghost hits you.
You die...

.# .# #### .#
#... .#
####... .#
.......#####.#
#..@.#.W.#
#.##W#...# #
### # #...###
## ..# ##.##
#. <..# #. #.#
#####. . #.
#.# #..... #.
#.# #.####
#.###.# #.# #
#####..##.#
##.#


You could see MJtheKandyman's ghost.

Vanquished Creatures
  The ghost of tarantulino the Chopper, an amateur HuFi (D:3)
  An orc priest (D:4)
  2 orc wizards
  A worker ant (D:5)
  A hound zombie (D:5)
  A hound skeleton (D:4)
  5 adders
  3 dart slugs
  2 leopard geckos
  16 orcs
  A ball python (D:4)
  7 bats
  A giant cockroach (D:2)
  15 goblins
  10 hobgoblins
  4 jackals (D:3)
  11 kobolds
  A quokka (D:4)
  4 frilled lizards
  6 rats
93 creatures vanquished.

Notes
Turn   | Place    | Note
-------+----------+-------------------------------------------
     0 | D:1      | dohliylev the Vampire Enchanter began the quest for the Orb.
     0 | D:1      | Reached XP level 1. HP: 13/13 MP: 3/3
   113 | D:1      | Reached skill level 5 in Stealth
   166 | D:1      | Reached XP level 2. HP: 12/19 MP: 1/5
   179 | D:1      | Learned a level 2 spell: Ensorcelled Hibernation
   949 | D:2      | Reached XP level 3. HP: 24/24 MP: 6/6
  1464 | D:2      | Reached XP level 4. HP: 30/30 MP: 0/7
  2068 | D:3      | Reached skill level 5 in Dodging
  2076 | D:3      | Found a shattered altar of Ashenzari.
  2220 | D:3      | Reached skill level 6 in Stealth
  2328 | D:3      | Noticed tarantulino's ghost (amateur HuFi)
  2389 | D:3      | Reached XP level 5. HP: 35/35 MP: 8/8
  2398 | D:3      | Learned a level 3 spell: Confuse
  2402 | D:3      | Learned a level 2 spell: Blink
  3093 | D:4      | Reached skill level 7 in Stealth
  3215 | D:5      | Entered Level 5 of the Dungeon
  3375 | D:4      | Reached skill level 8 in Stealth
  3692 | D:4      | Reached XP level 6. HP: 40/41 MP: 9/9
  3732 | D:4      | Found an iron altar of Okawaru.
  4079 | D:3      | Killed tarantulino's ghost
  4172 | D:5      | Noticed MJtheKandyman's ghost (novice MiBe)
  4191 | D:5      | Slain by MJtheKandyman's ghost

Skill      XL: |  1  2  3  4  5  6 |
---------------+-------------------+-----
Stealth        | 5 6 8 |  8.0
Dodging        | 3 4 5 |  5.0
Hexes          | 6 |  6.7
Short Blades   | |  1.1
Spellcasting   | |  2.0

Action                   |  1- 3 |  4- 6 || total
-------------------------+-------+-------++-------
Melee: Dagger            |   187 |   180 ||   367
       Bite              |     8 |    15 ||    23
 Cast: Corona            |     7 |       ||     7
       Ensorcelled Hiber |    24 |    24 ||    48
       Confuse           |       |    11 ||    11
  Use: Potion            |     1 |     3 ||     4
       Scroll            |       |     1 ||     1
 Stab: Sleeping          |    10 |    25 ||    35
       Distracted        |       |     1 ||     1
       Confused          |       |     2 ||     2
  Eat: Corpse            |    12 |     5 ||    17
Armor: Robe              |    40 |    12 ||    52
Dodge: Dodged            |   163 |   103 ||   266
